 Dungeon Crawl Stone Soup version 0.29.1-12-g30fa7ad0bf (webtiles) character file.

Game seed: 15362977837819146964

41564 Acheron the Envoy of Void (level 13, -3/98 HPs)
             Began as a Demonspawn Abyssal Knight on Dec 31, 2022.
             Was a High Priest of Lugonu.
             Slain by an anaconda (12 damage)
             ... on level 2 of the Snake Pit.
             The game lasted 02:13:02 (23568 turns).

Acheron the Envoy of Void (DsAK)                   Turns: 23568, Time: 02:13:10

Health: -3/98      AC: 19    Str: 15    XL:     13   Next: 80%
Magic:  0/20       EV: 14    Int: 17    God:    Lugonu [*****.]
Gold:   1321       SH: 11    Dex: 24    Spells: 7/15 levels left

rFire   + . .      SeeInvis .   y - +8 dagger of Omoucaurph {freeze, rPois rF+ rC++}
rCold   + + .      Faith    .   u - +0 buckler
rNeg    . . .      Spirit   +   L - +0 acid dragon scales
rPois   +          Reflect  .   P - +2 hat
rElec   +          Harm     .   H - +1 cloak of Contentment {rElec Int+4}
rCorr   +          Rampage  .   p - +2 pair of gloves
Will    .....                   (no boots)
Stlth   ++++......              (no amulet)
HPRegen 0.26/turn               k - +4 ring of protection
MPRegen 0.34/turn               X - +6 ring of dexterity

@: mighty, marked, constricted
A: hooves 2, augmentation 1, magic shield, magic regeneration, big brain 1,
condensation shield
a: Renounce Religion, Depart the Abyss, Bend Space, Banish, Corrupt, Enter the
Abyss


You were on level 2 of the Snake Pit.
You worshipped Lugonu.
Lugonu was extremely pleased with you.
You visited 6 branches of the dungeon, and saw 25 of its levels.
You visited the Abyss 1 time.

You collected 1517 gold pieces.
You spent 196 gold pieces at shops.

Inventory:

Hand Weapons
 j - a +3 hand axe of electrocution
 x - a +2 quarterstaff of draining
 y - the +8 dagger of Omoucaurph (weapon) {freeze, rPois rF+ rC++}
   (You found it on level 8 of the Dungeon)

   It freezes those it strikes, dealing additional cold damage.
   It can also slow down cold-blooded creatures.
   rF:        It protects you from fire.
   rC:        It greatly protects you from cold.
   rPois:     It protects you from poison.
 E - a +2 short sword of speed
 M - a +1 scimitar of flaming
 Y - the +5 sling of Pehamp {venom, +Blink rPois Str+7}
   (You found it on level 5 of the Lair of Beasts)

   Any ammunition fired from it poisons the flesh of those it strikes.
   Str:       It affects your strength (+7).
   rPois:     It protects you from poison.
   +Blink:    It lets you blink.
 Z - a +3 war axe of flaming
Missiles
 i - a throwing net
 B - 4 silver boomerangs (quivered)
 D - 9 javelins
 I - 4 curare-tipped darts
 J - 31 poisoned darts
Armour
 m - a +2 cloak of willpower
 p - a +2 pair of gloves (worn)
 u - a +0 buckler (worn)
 G - a +2 ring mail of willpower
 H - the +1 cloak of Contentment (worn) {rElec Int+4}
   (You found it on level 9 of the Dungeon)

   Int:       It affects your intelligence (+4).
   rElec:     It insulates you from electricity.
 L - +0 acid dragon scales (worn)
 P - a +2 hat (worn)
Magical Staves
 b - a staff of poison
 d - a staff of earth
Jewellery
 k - a +4 ring of protection (left hand)
 C - a ring of willpower
 K - a +6 ring of strength
 X - a +6 ring of dexterity (right hand)
Wands
 n - a wand of polymorph (13)
 q - a wand of mindburst (13)
 v - a wand of light (4)
 w - a wand of digging (11)
 S - a wand of charming (7)
Scrolls
 a - 2 scrolls of blinking
 c - a scroll of fear
 f - 4 scrolls of amnesia
 r - a scroll of butterflies
 N - a scroll of brand weapon
 U - a scroll of magic mapping
Potions
 e - 3 potions of might
 g - 3 potions of flight
 h - 6 potions of mutation
 l - 7 potions of curing
 o - 3 potions of cancellation
 s - a potion of magic
 t - 3 potions of lignification
 A - 3 potions of brilliance
 F - 2 potions of berserk rage
 W - a potion of haste
Miscellaneous
 z - a box of beasts
 Q - a lightning rod (4/4)
 T - a phantom mirror


   Skills:
 * Level 8.3 Fighting
 * Level 8.5(9.4) Short Blades
 + Level 6.1(8.3) Long Blades
 * Level 5.0 Throwing
 * Level 7.0 Armour
 * Level 7.8 Dodging
 * Level 8.0 Stealth
 - Level 7.0 Shields
 + Level 1.7 Spellcasting
 + Level 2.5 Translocations
 * Level 1.6 Transmutations
 * Level 10.4 Invocations
 * Level 7.4 Evocations


You had 7 spell levels left.
You knew the following spells:

 Your Spells              Type           Power      Damage    Failure   Level
a - Magic Dart            Conj           4%         1d3       32%         1
b - Call Imp              Summ           1%         N/A       45%         2
c - Blink                 Tloc           20%        N/A       19%         2
d - Beastly Appendage     Tmut           14%        N/A       17%         1
e - Passwall              Tmut/Erth      3%         N/A       34%         2

Your spell library contained the following spells:

 Spells                   Type           Power      Damage    Failure   Level
 Wereblood                Tmut           7%         N/A       26%         2
 Foxfire                  Conj/Fire      4%         2x1d4     32%         1
 Slow                     Hex            4%         N/A       32%         1
 Gell's Gravitas          Tloc           10%        N/A       34%         3
 Lesser Beckoning         Tloc           10%        N/A       34%         3
 Teleport Other           Tloc           10%        N/A       34%         3
 Ensorcelled Hibernation  Hex/Ice        2%         N/A       45%         2
 Searing Ray              Conj           2%         2d4       45%         2
 Spider Form              Tmut/Pois      4%         N/A       56%         3
 Ignite Poison            Fire/Tmut/Pois 3%         N/A       63%         3
 Confusing Touch          Hex            1%         N/A       69%         3
 Conjure Flame            Conj/Fire      1%         6-21      69%         3
 Inner Flame              Hex/Fire       1%         N/A       69%         3
 Mephitic Cloud           Conj/Pois/Air  1%         N/A       69%         3
 Swiftness                Air            1%         N/A       69%         3
 Vampiric Draining        Necr           1%         2d6       69%         3
 Ice Form                 Ice/Tmut       4%         N/A       93%         4
 Airstrike                Air            0%         2d(1-17)  97%         4
 Animate Dead             Necr           1%         N/A       97%         4
 Flame Wave               Conj/Fire      1%         2d4       97%         4
 Fulminant Prism          Conj/Hex       0%         3d6       97%         4
 Hailstorm                Conj/Ice       1%         3d3       97%         4
 Sticky Flame             Conj/Fire      1%         2d3       97%         4
 Summon Ice Beast         Ice/Summ       1%         N/A       97%         4
 Summon Lightning Spire   Summ/Air       1%         N/A       97%         4
 Manifold Assault         Tloc           10%        N/A       97%         5
 Freezing Cloud           Conj/Ice/Air   0%         6-21      100%        5
 Lightning Bolt           Conj/Air       0%         1d11      100%        5
 Summon Mana Viper        Hex/Summ       1%         N/A       100%        5
 Dispersal                Tloc           5%         N/A       100%        6
 Simulacrum               Ice/Necr       0%         N/A       100%        6
 Haunt                    Necr/Summ      0%         N/A       100%        7
 Monstrous Menagerie      Summ           0%         N/A       100%        7
 Infestation              Necr           0%         N/A       100%        8


Dungeon Overview and Level Annotations

Branches:
Dungeon (15/15)            Temple (1/1) D:4            Lair (5/5) D:8
 Shoals (0/4) Lair:3        Snake (2/4) Lair:3        Slime (1/5) Lair:5
    Orc (1/2) D:9
 Vaults: D:13-14     Depths: D:15

Altars:
Ashenzari
Cheibriados
Dithmenos
Fedhas
Gozag
Hepliaklqana
Makhleb
Nemelex Xobeh
Okawaru
Ru
Uskayaw
Xom
Jiyva

Shops:
Snake:1 (!

Portals:
Trove: D:15 (give +4 shadow dragon scales)

Annotations:
D:3 Grinder
D:7 exclusions: downstairs and 2 upstairs
D:8 exclusion: downstairs
D:9 exclusion: downstairs
D:10 exclusion: upstairs
D:11 Harold
D:12 exclusion: downstairs
D:13 3 runed translucent doors, exclusion: downstairs
D:14 exclusion: upstairs, Xenoroth98's ghost, journeyman MiBe
Lair:4 exclusions: downstairs and 2 oklob plants
Lair:5 exclusion: obsidian statue
Snake:2 Aizul


Innate Abilities, Weirdness & Mutations

You have hoof-like feet.
Your magical and physical power is slightly enhanced at high health.
When hurt, damage is shared between your health and your magic reserves.
You regenerate magic rapidly.
You have an unusually large brain. (Int +2)
A meltable shield of frost defends you. (SH +4)


Message History

You resist with some effort.
You hit the guardian serpent but do no damage.
Your kick misses the guardian serpent.
The guardian serpent is lightly wounded.
The anaconda bites you! The anaconda constricts you.
You block the guardian serpent's attack.
You barely miss the guardian serpent.
You kick the guardian serpent, but do no damage.
The guardian serpent is lightly wounded.
The anaconda bites you! The anaconda constricts you.
The guardian serpent casts a spell at you.
A guardian serpent comes into view.
Okay, then.
Aiming: Mindburst
Press: ? - help, Shift-Dir - straight line, f - guardian serpent
Aim: a guardian serpent (lightly wounded, chance to affect: 57%)
The guardian serpent's mind is blasted!!
You blow up the guardian serpent!
Lugonu accepts your kill. The anaconda completely misses you.
The anaconda constricts you.
* * * LOW HITPOINT WARNING * * *
The anaconda barely misses you. The anaconda constricts you.
* * * LOW HITPOINT WARNING * * *
A naga comes into view. It is wielding a +0 scimitar.
A naga mage comes into view. It is wielding a +0 spear.
Aizul the Neglectful Guardian comes into view.
Aiming: Mindburst
Press: ? - help, Shift-Dir - straight line, f - anaconda
Aim: an anaconda (constricting you, chance to affect: 73%)
The anaconda struggles to resist.
The anaconda misses you. The anaconda constricts you. The anaconda bites you!
* * * LOW HITPOINT WARNING * * *
The anaconda constricts you.
You feel very mighty all of a sudden. The anaconda bites you!
* * * LOW HITPOINT WARNING * * *
The anaconda constricts you.
* * * LOW HITPOINT WARNING * * *
The anaconda bites you!
You die...

...........####
)........(....S
...........N.
.........<.#
...........#
#..S...# S#.####
###SN..#
....N..#####SSN.#
#SN.<@SSS#..#
########N..##
...... .$.....
#######


You could see a salamander, an anaconda, 2 mana vipers, a guardian serpent, 2
black mambas and 4 nagas.

Vanquished Creatures
  Kirke (D:12)
  A dire elephant (Lair:5)
  5 hydras
  A two-headed ogre (D:12)
  2 naga warriors (Snake:1)
  An anaconda (Snake:2)
  2 naga sharpshooters (Snake:1)
  Sonja (D:12)
  A spectral anaconda (Lair:5)
  4 necromancers (Lair:5)
  A mana viper (Snake:1)
  2 ugly things
  Pikel (D:9)
  2 salamanders (Snake:1)
  13 elephants
  Joseph (D:7)
  2 guardian serpents
  A dire elephant zombie (Lair:5)
  8 black mambas
  A gargoyle (D:12)
  4 cane toads
  An unseen horror (D:11)
  6 komodo dragons
  An efreet (D:13)
  2 rime drakes
  A polar bear (Lair:3)
  2 trolls
  A hornet (D:11)
  4 blink frogs (Lair:3)
  4 dream sheep
  3 shadows
  2 wraiths
  A hog (shapeshifter) (D:14)
  17 yaks
  4 hogs (D:12)
  3 basilisks
  A steam dragon (D:8)
  A death yak simulacrum (Lair:5)
  2 vampire mosquitoes (D:13)
  Menkaure (D:7)
  8 nagas
  A spectral cane toad (Lair:5)
  8 water moccasins
  2 acid dragons
  A two-headed ogre zombie (D:9)
  2 black bears
  5 orc warriors
  2 sky beasts (D:7)
  3 ice beasts
  6 centaurs
  3 elephant zombies (Lair:5)
  12 wolves
  3 phantoms
  2 lemures (D:9)
  4 kobold brigands
  8 bullfrogs
  A necrophage (D:8)
  3 gnoll sergeants
  6 scorpions
  A cane toad simulacrum (Lair:5)
  10 wights
  A troll zombie (D:9)
  An elephant simulacrum (Lair:5)
  An electric eel (D:7)
  6 howler monkeys
  A crimson imp (D:3)
  4 hounds
  2 jellies
  5 orc priests
  Crazy Yiuf (D:2)
  A gnoll bouda (D:10)
  An iguana (D:6)
  9 orc wizards
  5 ogre zombies (D:9)
  20 gnolls
  A white imp (D:7)
  An ufetubus (Abyss:3)
  3 worms
  4 dart slugs
  23 orcs
  6 ball pythons
  6 bats
  13 endoplasms
  4 giant cockroaches
  9 goblins
  7 hobgoblins
  22 kobolds
  3 quokkas
  2 frilled lizards (D:1)
  A goblin skeleton (D:9)
  5 goblin zombies (D:9)
  2 hobgoblin zombies (D:9)
  5 orc skeletons (D:9)
  11 orc zombies (D:9)
  2 rats (D:3)
391 creatures vanquished.

Vanquished Creatures (others)
  Psyche (D:12)
  An endoplasm (D:1)
  30 fungi
  32 plants
  31 withered plants (Lair:5)
95 creatures vanquished.

Grand Total: 486 creatures vanquished

Notes
Turn   | Place    | Note
-------+----------+-------------------------------------------
     0 | Abyss:1  | Acheron the Demonspawn Abyssal Knight began the quest for
                  | the Orb.
     0 | Abyss:1  | Reached XP level 1. HP: 18/18 MP: 2/2
    58 | D:1      | Escaped the Abyss
   159 | D:1      | Gained mutation: A meltable shield of frost defends you.
                  | (SH +4) [demonic ancestry]
   159 | D:1      | Reached XP level 2. HP: 22/24 MP: 3/3
   178 | D:1      | Reached ** piety under Lugonu
   696 | D:1      | Reached skill level 1 in Dodging
   870 | D:1      | Gained mutation: You have an unusually large brain. (Int
                  | +2) [demonic ancestry]
   870 | D:1      | Reached XP level 3. HP: 29/29 MP: 5/5
  1503 | D:2      | Found an iron altar of Okawaru.
  1694 | D:3      | Reached skill level 3 in Invocations
  2313 | D:2      | Found a runed translucent door.
  2314 | D:2      | Noticed Crazy Yiuf
  2325 | D:2      | Killed Crazy Yiuf
  2326 | D:2      | Gained mutation: You have large cloven feet. [demonic
                  | ancestry]
  2326 | D:2      | Reached XP level 4. HP: 29/35 MP: 6/6
  3069 | D:3      | Found a shimmering altar of Xom.
  3070 | D:3      | Found a burning altar of Makhleb.
  3127 | D:3      | Noticed Grinder
  3128 | D:3      | Paralysed by Grinder for 4 turns
  3301 | D:4      | Gained mutation: You regenerate magic rapidly. [demonic
                  | ancestry]
  3301 | D:4      | Reached XP level 5. HP: 40/41 MP: 7/7
  3322 | D:4      | Reached skill level 1 in Stealth
  3322 | D:4      | Reached skill level 1 in Shields
  3341 | D:5      | Entered Level 5 of the Dungeon
  3464 | D:4      | Noticed a phantom
  3475 | D:5      | Noticed a centaur
  3489 | D:4      | Killed a phantom
  3489 | D:4      | Reached *** piety under Lugonu
  3669 | D:4      | Gained mutation: You have hoof-like feet. [demonic
                  | ancestry]
  3669 | D:4      | Reached XP level 6. HP: 39/47 MP: 8/8
  3685 | D:4      | Reached skill level 1 in Spellcasting
  3685 | D:4      | Reached skill level 1 in Evocations
  3858 | D:4      | Found a staircase to the Ecumenical Temple.
  3988 | D:4      | Reached skill level 4 in Invocations
  4115 | D:5      | Found a hide-covered altar of Uskayaw.
  4115 | D:5      | Noticed an ice beast
  4137 | D:4      | Gained mutation: When hurt, damage is shared between your
                  | health and your magic reserves. [demonic ancestry]
  4137 | D:4      | Reached XP level 7. HP: 43/53 MP: 10/10
  4253 | D:4      | Learned a level 1 spell: Magic Dart
  4256 | D:4      | Learned a level 2 spell: Call Imp
  4259 | Temple   | Entered the Ecumenical Temple
  4680 | D:5      | Found a snail-covered altar of Cheibriados.
  4935 | D:7      | Reached **** piety under Lugonu
  5089 | D:7      | Noticed Menkaure
  5099 | D:7      | Killed Menkaure
  5153 | D:7      | Reached XP level 8. HP: 31/60 MP: 11/11
  5343 | D:6      | Identified the +3 quarterstaff of Fundamental Breach {holy,
                  | Str+3 SInv Stlth+}
  5415 | D:7      | Found a blossoming altar of Fedhas.
  5469 | D:7      | Reached skill level 5 in Invocations
  5476 | D:7      | Found a hazy altar of Hepliaklqana.
  5581 | D:7      | Found a shadowy altar of Dithmenos.
  6164 | D:8      | Reached skill level 5 in Long Blades
  6365 | D:8      | Noticed a komodo dragon
  6718 | D:7      | Found a broken altar of Ashenzari.
  6719 | D:7      | Found a hide-covered altar of Uskayaw.
  6960 | D:7      | Noticed Joseph
  7033 | D:6      | Reached XP level 9. HP: 67/67 MP: 13/13
  7040 | D:6      | Reached skill level 5 in Fighting
  7422 | D:7      | Killed Joseph
  7423 | D:7      | Reached skill level 6 in Invocations
  7781 | D:8      | Identified the +8 dagger of Omoucaurph {freeze, rPois rF+
                  | rC++}
  7841 | D:8      | Reached skill level 1 in Short Blades
  7956 | D:8      | Found a staircase to the Lair.
  8011 | D:8      | Killed a komodo dragon
  8012 | D:8      | Reached skill level 5 in Armour
  8485 | D:8      | Found an opulent altar of Gozag.
  8496 | D:8      | Reached XP level 10. HP: 69/75 MP: 12/14
  8741 | D:9      | Found an iron altar of Okawaru.
  8821 | D:9      | Identified the +1 cloak of Contentment {rElec Int+4}
  9365 | D:10     | Entered Level 10 of the Dungeon
  9719 | D:9      | Noticed Pikel
 10037 | D:10     | HP: 3/76 [acid dragon/splash of acid (23)]
 10045 | D:10     | HP: 2/76 [acid dragon (2)]
 10047 | D:10     | Reached skill level 7 in Invocations
 10424 | D:10     | Identified the +0 acid dragon scales of Lust {rPois rCorr
                  | Str+5}
 10671 | D:10     | Found a sparkling altar of Nemelex Xobeh.
 10733 | D:10     | Found a sacrificial altar of Ru.
 10941 | D:11     | Reached ***** piety under Lugonu
 11085 | D:11     | Reached skill level 5 in Stealth
 11092 | D:11     | Reached skill level 5 in Shields
 11239 | D:11     | Noticed a cyclops
 11251 | D:11     | Reached skill level 1 in Throwing
 11251 | D:11     | Noticed a cyclops
 11299 | D:13     | Found a runed translucent door.
 11346 | D:12     | Noticed a two-headed ogre
 11356 | D:12     | Reached skill level 5 in Dodging
 11367 | D:12     | Killed a two-headed ogre
 11731 | D:12     | Noticed a gargoyle
 11748 | D:12     | Noticed Sonja
 11750 | D:12     | Killed a gargoyle
 11760 | D:12     | Killed Sonja
 11761 | D:12     | Reached XP level 11. HP: 18/81 MP: 6/16
 11771 | D:12     | Noticed Psyche
 11793 | D:12     | Noticed Kirke
 11798 | D:12     | Noticed a boulder beetle
 11811 | D:12     | You fall into a shaft and drop 2 floors!
 12053 | D:14     | Noticed a cyan ugly thing
 12053 | D:14     | Noticed a cyan ugly thing
 12053 | D:14     | Noticed a cyan ugly thing
 12058 | D:14     | Noticed a minotaur
 12058 | D:14     | Noticed Xenoroth98's ghost (journeyman MiBe)
 12058 | D:14     | Noticed a red ugly thing
 12075 | D:14     | Reached skill level 5 in Evocations
 12092 | D:14     | Noticed a five-headed hydra
 12121 | D:13     | Noticed a catoblepas
 12181 | D:12     | Noticed a six-headed hydra
 12201 | D:12     | Killed a six-headed hydra
 12465 | D:13     | Reached skill level 8 in Invocations
 12802 | D:13     | Found a runed translucent door.
 12819 | D:13     | Found a runed translucent door.
 12855 | D:13     | Noticed a cyan ugly thing
 12875 | D:13     | Killed a cyan ugly thing
 13039 | D:13     | Noticed a tengu warrior
 13112 | D:14     | Noticed an eight-headed hydra
 13283 | D:13     | Noticed an eight-headed hydra
 13314 | D:14     | Noticed a centaur warrior
 13325 | D:14     | Noticed a red ugly thing
 13326 | D:14     | Noticed a red ugly thing
 13333 | D:14     | Noticed a boulder beetle
 13351 | D:15     | Entered Level 15 of the Dungeon
 13364 | D:15     | Killed a red ugly thing
 13528 | D:15     | Found a portal to a secret trove of treasure.
 13570 | D:15     | Noticed a boulder beetle
 13863 | D:13     | Killed an eight-headed hydra
 13941 | D:13     | Learned a level 2 spell: Blink
 14355 | D:11     | Noticed Harold
 14418 | D:12     | Noticed a six-headed hydra
 14428 | D:12     | Killed a six-headed hydra
 14965 | D:12     | Killed Kirke
 14966 | D:12     | Reached skill level 5 in Short Blades
 14966 | D:12     | Reached skill level 1 in Translocations
 14966 | D:12     | Reached skill level 9 in Invocations
 15063 | D:12     | Killed Psyche
 15306 | D:9      | Killed Pikel
 15587 | D:9      | Found a staircase to the Orcish Mines.
 15738 | Orc:1    | Entered Level 1 of the Orcish Mines
 15738 | Orc:1    | Noticed an orc knight
 15754 | D:9      | Gained mutation: Your magical and physical power is
                  | slightly enhanced at high health. [demonic ancestry]
 15754 | D:9      | Reached XP level 12. HP: 76/89 MP: 16/18
 16030 | Lair:1   | Entered Level 1 of the Lair of Beasts
 16769 | Lair:5   | Entered Level 5 of the Lair of Beasts
 16937 | Lair:5   | Found a staircase to the Slime Pits.
 16943 | Lair:5   | Found a viscous altar of Jiyva.
 16946 | Slime:1  | Entered Level 1 of the Pits of Slime
 17098 | Lair:5   | Noticed a death yak
 17099 | Lair:5   | Noticed a death yak
 17099 | Lair:5   | Noticed a death yak
 17110 | Lair:5   | Noticed a six-headed hydra
 17120 | Lair:5   | Killed a six-headed hydra
 17166 | Lair:5   | Noticed a dire elephant
 17166 | Lair:5   | Noticed a dire elephant
 17823 | Lair:5   | HP: 4/91 [dire elephant (6)]
 18126 | Lair:4   | Noticed a six-headed hydra
 18146 | Lair:4   | Killed a six-headed hydra
 18933 | Lair:3   | Found a staircase to the Shoals.
 19020 | Lair:3   | Found a staircase to the Snake Pit.
 19336 | Lair:4   | Found a sparkling altar of Nemelex Xobeh.
 20190 | Lair:4   | Reached XP level 13. HP: 92/96 MP: 20/20
 20433 | Lair:5   | Killed a dire elephant
 20791 | Lair:5   | Identified the +5 sling of Pehamp {venom, +Blink rPois
                  | Str+7}
 20870 | Lair:5   | Learned a level 1 spell: Beastly Appendage
 20873 | Lair:5   | Learned a level 2 spell: Passwall
 21110 | Lair:5   | Reached skill level 10 in Invocations
 21932 | Snake:1  | Entered Level 1 of the Snake Pit
 21966 | Snake:1  | Reached skill level 1 in Transmutations
 23044 | Snake:1  | Found Vuhaliol's Distillery.
 23044 | Snake:1  | Found Cayz's Weapon Boutique.
 23302 | Snake:1  | Reached skill level 5 in Throwing
 23451 | Snake:1  | Bought 2 potions of degeneration for 28 gold pieces
 23457 | Snake:1  | Bought a potion of curing for 42 gold pieces
 23457 | Snake:1  | Bought 2 potions of curing for 84 gold pieces
 23457 | Snake:1  | Bought a potion of curing for 42 gold pieces
 23567 | Snake:2  | Noticed Aizul
 23568 | Snake:2  | Slain by an anaconda

Illustrated notes

Levels and vault maps discovered:
D:1:      dpeg_arrival_pond, layout_loops_ring, lemuel_flame_loot_1
D:2:      layout_basic, basic_altar, uniq_crazy_yiuf_cottage
D:3:      layout_loops_cross, grunt_temple_overflow_champion_of_chaos,
          uniq_grinder
D:4:      layout_basic, minmay_temple_entry_large_hall, fountainhead
D:5:      layout_layer_cave, kennysheep_mini_moat, elyvilon_altar_3,
          gammafunk_temple_overflow_elements, serial_shops, nicolae_square_shop,
          minmay_ruined_shrine
D:6:      layout_loops_ring, tso_oasis_becter
D:7:      layout_loops_ring, mainiacjoe_overflow_surrounded_room,
          nicolae_overflow_squiral, worldfamousw_hep_ancestral_shrine,
          mainiacjoe_overflow_cross_hatched, uniq_menkaure, uniq_joseph
D:8:      layout_loops_corners, lemuel_doored_altar, lair_entry_dummy
D:9:      layout_irregular_city, overflow_temple_1_default, zombieorc2_lemuel,
          uniq_pikel
D:10:     layout_rooms, amcnicky_altar_gilded,
          mainiacjoe_overflow_concentric_impassable
D:11:     layout_gridville, uniq_harold
D:12:     minmay_goldmine, layout_gridville, uniq_psyche, uniq_sonja, uniq_kirke
D:13:     layout_loops_cross, david_vaults_5, minmay_statue_crystal_thing
D:14:     layout_rooms, dk_noncrumbling_4, maelrawn_ghost_gauntlet_escape,
          grunt_dithmenos_shadows
D:15:     hangedman_depths_entry_try_elsewhere_first, layout_loops_ring,
          nicolae_trove_entry_diagonal, minmay_misc_feat_plants, drop_trap
Temple:   hellmonk_temple_beads
Lair:1:   layout_gridlike, grunt_megastairs_5
Lair:2:   layout_regular_city, beast_lair_carwin_9, infiniplex_staircase_pool_2
Lair:3:   layout_regular_city, elwin_shoals_entry_rocks,
          minmay_snake_entry_guardpost_medium, chequers_serial_rivers_room_a,
          minivault_25, minmay_hedge_maze
Lair:4:   layout_layer_cave, basic_altar, grunt_megastairs_4
Lair:5:   due_jungle_book, layout_loops_ring, dpeg_slime_entry_corner
Snake:1:  layout_chambers, grunt_megastairs_3, serial_bayou_shore_b,
          minmay_shoptagon
Snake:2:  nicolae_aizul_guard, layout_rooms, serial_shops, nicolae_shop_stone
Slime:1:  layout_caves
Orc:1:    layout_caves, serial_shops, shop, nicolae_orc_sculptors_studio,
          nooodl_orcs_dogs

Skill      XL: |  1  2  3  4  5  6  7  8  9 10 11 12 13 |
---------------+----------------------------------------+-----
Long Blades    | 2 3 4 5 6 |  6.1
Dodging        | 1 2 3 4 5 6 7 |  7.8
Armour         | 2 3 4 5 6 7 |  7.0
Invocations    | 3 4 5 6 7 9 10 | 10.4
Stealth        | 1 2 3 4 5 6 7 8 |  8.0
Shields        | 1 2 3 4 5 6 7 |  7.0
Spellcasting   | 1 |  1.7
Evocations     | 1 2 3 4 5 6 7 |  7.4
Fighting       | 4 5 6 7 8 |  8.3
Short Blades   | 1 3 5 7 8 |  8.5
Throwing       | 1 3 4 5 |  5.0
Translocations | 1 2 |  2.5
Transmutations | 1 |  1.6

Action                   |  1- 3 |  4- 6 |  7- 9 | 10-12 | 13-15 || total
-------------------------+-------+-------+-------+-------+-------++-------
Melee: Falchion          |   117 |   147 |   357 |       |       ||   621
       Punch             |     3 |     1 |       |       |       ||     4
       Kick              |       |    37 |   153 |   506 |   127 ||   823
       Dagger            |       |       |    80 |  1119 |   277 ||  1476
       Unarmed           |       |       |       |     6 |       ||     6
Throw: Boomerang         |       |       |       |     2 |       ||     2
 Cast: Beastly Appendage |       |       |       |       |     2 ||     2
Invok: Depart the Abyss  |     1 |       |       |       |       ||     1
       Bend Space        |       |       |     1 |     4 |       ||     5
       Banish            |       |       |       |     7 |       ||     7
Evoke: Wand              |       |       |     2 |     1 |     2 ||     5
  Use: Scroll            |     4 |     6 |     1 |    15 |     4 ||    30
       Potion            |     1 |       |     2 |     4 |     3 ||    10
 Stab: Sleeping          |     2 |       |       |    12 |     7 ||    21
       Distracted        |     1 |       |       |     1 |     2 ||     4
Armor: Leather armour    |    14 |       |       |       |       ||    14
       Ring mail         |    21 |    71 |       |       |       ||    92
       Scale mail        |       |    19 |   308 |    47 |       ||   374
       Acid dragon scale |       |       |       |   275 |    49 ||   324
       Skin              |       |       |       |     1 |       ||     1
Dodge: Dodged            |    62 |    69 |   169 |   445 |    98 ||   843
Block: Other             |    20 |    21 |    22 |     1 |       ||    64
       Buckler           |       |       |   112 |   433 |    95 ||   640
